 Dungeon Crawl Stone Soup version 0.20-a0-492-g6327889 (webtiles) character file.

1880 Muumios the Skirmisher (level 8, -5/67 HPs)
             Began as a Mummy Wanderer on Jan 16, 2017.
             Was a Priest of Makhleb.
             Killed by divine providence
             ... invoked by a smoke demon
             ... summoned by the player character
              (15 damage)
             ... on level 9 of the Dungeon.
             The game lasted 00:18:19 (9087 turns).

Muumios the Skirmisher (Mummy Wanderer)             Turns: 9087, Time: 00:18:21

Health: -5/67      AC:  6    Str: 18    XL:     8   Next: 91%
Magic:  10/10      EV: 11    Int: 13    God:    Makhleb [***...]
Gold:   190        SH:  0    Dex:  9    Spells: 6/7 levels left

rFire    x . .     SeeInvis .   s - +8 short sword of No Interval {vamp, rN+ MR+}
rCold    + + .     Gourm    .   q - +0 leather armour {rC+}
rNeg     + + +     Faith    .   (no shield)
rPois    ∞         Spirit   .   n - +1 helmet
rElec    .         Reflect  .   (no cloak)
rCorr    +         Harm     .   (no gloves)
MR       ++...                  h - +0 pair of boots (curse)
Stlth    +.........             (no amulet)
Regen    0.2/turn               (no ring)
                                c - ring of resist corrosion

@: no status effects
A: no food or potions, fire vulnerability, cold resistance 1, negative energy
resistance 3, torment resistance, unbreathing
a: Minor Destruction, Lesser Servant of Makhleb, Renounce Religion


You were on level 9 of the Dungeon.
You worshipped Makhleb.
Makhleb was most pleased with you.
You were not hungry.

You visited 1 branch of the dungeon, and saw 9 of its levels.

You collected 190 gold pieces.

Inventory:

Hand Weapons
 a - a +2 dagger
 f - a +0 blowgun
 p - a +0 rapier
 s - the +8 short sword of No Interval (weapon) {vamp, rN+ MR+}
   (You took it off an orc on level 8 of the Dungeon)

   It inflicts no extra harm, but heals its wielder when it wounds a living foe.
   It protects you from negative energy.
   It affects your resistance to hostile enchantments.
Missiles
 d - 37 arrows
 g - 40 poisoned needles
 j - 4 tomahawks of returning
 m - 4 javelins of returning (quivered)
Armour
 e - a +0 ring mail
 h - a cursed +0 pair of boots (worn)
 n - a +1 helmet (worn)
 q - a +0 leather armour of cold resistance (worn)
Jewellery
 c - a ring of resist corrosion (left hand)
Wands
 o - a wand of flame (0/48)
Scrolls
 b - a scroll of amnesia
 i - 2 scrolls of identify
 k - a scroll of recharging
Books
 r - a book of Cantrips

   Spells                             Type                      Level
   a - Confusing Touch                Hexes                        1
   b - Animate Skeleton               Necromancy                   1
   c - Summon Small Mammal            Summoning                    1
   d - Apportation                    Translocation                1
 u - a book of Frost

   Spells                             Type                      Level
   a - Freeze                         Ice                          1
   b - Throw Frost                    Conjuration/Ice              2
   c - Ozocubu's Armour               Charms/Ice                   3
   d - Throw Icicle                   Conjuration/Ice              4
   e - Summon Ice Beast               Ice/Summoning                4


   Skills:
 - Level 7.4 Fighting
 * Level 5.2 Short Blades
   Level 1.0 Bows
 - Level 3.4 Throwing
 - Level 1.5 Armour
 - Level 1.9 Stealth
 + Level 0.0 Spellcasting
   Level 2.4 Transmutations
 - Level 3.8 Invocations


You had 6 spell levels left.
You knew the following spells:

 Your Spells              Type           Power        Failure   Level  Hunger
a - Apportation           Tloc           #.....       38%         1    N/A

Dungeon Overview and Level Annotations

Branches:
Dungeon (9/15)             Temple (0/1) D:7
   Lair: D:8-11         Orc: D:9-12

Altars:
Makhleb
Qazlal
Uskayaw
Vehumet
Xom
Yredelemnul
Zin

Annotations:
D:6 Banto's ghost, novice HuSk
D:8 Prince Ribbit


Innate Abilities, Weirdness & Mutations

You do not eat or drink.
Your flesh is vulnerable to fire.
You are immune to poison.
Your flesh is cold resistant. (rC+)
You are immune to negative energy. (rN+++)
You are immune to unholy pain and torment.
You can survive without breathing.


Message History

Makhleb smites you!
* * * LOW HITPOINT WARNING * * *
Your neqoxec hits the gargoyle but does no damage.
Okay, then.
Saving game... please wait.
Welcome back, Muumios the Mummy Wanderer.
Blood and souls for Makhleb!
Press ? for a list of commands and other information.
You hit the bullfrog.
The bullfrog is lightly wounded.
The bullfrog hits you!
* * * LOW HITPOINT WARNING * * *
The gargoyle barely misses your neqoxec.
You puncture the bullfrog!
You feel better.
The bullfrog is heavily wounded.
The bullfrog hits you.
* * * LOW HITPOINT WARNING * * *
The smoke demon gestures at you. Makhleb smites you!
You die...

### #@#
...####F#
......33#
#.#####9#
#.# #.#
#.# #.#
...


You could see a smoke demon, a gargoyle, a bullfrog and a friendly neqoxec.

Vanquished Creatures
  Eustachio (D:4)
  A necrophage (D:8)
  5 bullfrogs
  A scorpion (D:4)
  2 crimson imps (D:5)
  A bullfrog zombie (D:7)
  A centaur zombie (D:7)
  4 hounds
  A jelly (D:8)
  2 orc priests
  2 bullfrog skeletons
  A centaur skeleton (D:5)
  Ijyb (D:2)
  2 iguanas (D:4)
  An orc wizard (D:3)
  4 worker ants
  2 hound skeletons
  Robin (D:3)
  5 gnolls
  12 adders
  2 shadow imps
  An ooze (D:2)
  An adder zombie (D:6)
  2 worms
  4 dart slugs
  8 leopard geckos
  13 orcs
  12 bats
  9 giant cockroaches
  13 goblins
  6 hobgoblins
  16 jackals
  4 quokkas
  3 ball pythons
  6 frilled lizards
  A jackal skeleton (D:4)
  11 kobolds
  A quokka skeleton (D:8)
  5 rats
168 creatures vanquished.

Vanquished Creatures (collateral kills)
  2 black bears (D:8)
  A phantom (D:8)
  4 killer bees (D:8)
  A bullfrog zombie (D:8)
  A crimson imp (D:8)
  A hound (D:8)
  2 gnolls (D:8)
  An orc (D:8)
  2 jackals (D:8)
15 creatures vanquished.

Vanquished Creatures (others)
  2 bushes (D:8)
2 creatures vanquished.

Grand Total: 185 creatures vanquished

Notes
Turn   | Place    | Note
-------+----------+-------------------------------------------
     0 | D:1      | Muumios the Mummy Wanderer began the quest for the Orb.
     0 | D:1      | Muumios set off with: a +2 dagger, a scroll of fear, a +0 shortbow, 27 arrows, a +0 ring mail
     0 | D:1      | Reached XP level 1. HP: 16/16 MP: 1/1
   260 | D:1      | Reached XP level 2. HP: 23/23 MP: 2/2
   382 | D:1      | Reached skill level 1 in Short Blades
   633 | D:1      | Reached XP level 3. HP: 28/28 MP: 3/3
   902 | D:2      | Reached skill level 3 in Fighting
   950 | D:2      | Found a burning altar of Makhleb.
   951 | D:2      | Found a basalt altar of Yredelemnul.
   998 | D:2      | Became a worshipper of Makhleb the Destroyer
  1353 | D:2      | Reached XP level 4. HP: 29/35 MP: 4/4
  1912 | D:2      | Noticed Ijyb
  1937 | D:2      | Killed Ijyb
  1956 | D:2      | Reached skill level 1 in Invocations
  2051 | D:3      | Noticed Robin
  2051 | D:3      | Noticed a bullfrog
  2056 | D:2      | Reached * piety under Makhleb
  2393 | D:3      | Reached XP level 5. HP: 25/42 MP: 5/5
  2571 | D:3      | Reached skill level 4 in Fighting
  2697 | D:3      | Killed Robin
  2924 | D:3      | Reached XP level 6. HP: 46/49 MP: 7/7
  3026 | D:3      | Reached ** piety under Makhleb
  3657 | D:4      | Reached skill level 1 in Throwing
  4163 | D:5      | Entered Level 5 of the Dungeon
  4229 | D:4      | Noticed a dagger
  4231 | D:4      | Found a hide-covered altar of Uskayaw.
  4231 | D:4      | Noticed a dagger
  4330 | D:4      | Reached skill level 5 in Fighting
  4512 | D:4      | Reached XP level 7. HP: 38/56 MP: 8/8
  5185 | D:4      | Noticed Eustachio
  5241 | D:4      | Killed Eustachio
  6049 | D:5      | Found a radiant altar of Vehumet.
  6254 | D:5      | Noticed a two-headed ogre
  6607 | D:6      | Reached skill level 6 in Fighting
  6798 | D:6      | Noticed Banto's ghost (novice HuSk)
  6918 | D:7      | Reached XP level 8. HP: 59/64 MP: 9/9
  7029 | D:8      | Noticed Prince Ribbit
  7051 | D:8      | Found a shimmering altar of Xom.
  7070 | D:8      | Noticed a two-headed ogre
  7149 | D:7      | Found a stormy altar of Qazlal.
  7161 | D:7      | Reached *** piety under Makhleb
  7517 | D:7      | Found a staircase to the Ecumenical Temple.
  7648 | D:7      | Found a glowing silver altar of Zin.
  8538 | D:8      | Reached skill level 7 in Fighting
  8564 | D:8      | Reached skill level 5 in Short Blades
  8582 | D:8      | Got a scorched short sword {vamp}
  8586 | D:8      | Identified the +8 short sword of No Interval {vamp, rN+ MR+} (You took it off an orc on level 8 of the Dungeon)
  8708 | D:8      | Learned a level 1 spell: Apportation
  8779 | D:8      | HP: 3/67 [orc warrior/halberd (18)]
  9077 | D:9      | Noticed a gargoyle
  9083 | D:9      | Noticed a smoke demon
  9087 | D:9      | Killed from afar by a smoke demon

Vault maps used:
D:1:      dpeg_arrival_castle, minmay_pentomino_q4
D:2:      gammafunk_temple_overflow_statue, uniq_iyjb
D:3:      first_bread, uniq_robin
D:4:      dancing_weapons_uskayaw, minivault_24, uniq_eustachio
D:5:      nicolae_overflow_crystal_walls, corexii_hall_statues_x
D:6:      okawaru_trees_2, serial_shops, shop_scrolls, basic_altar,
          minmay_fountain_box, hangedman_feature_mirror
D:7:      kennysheep_mini_moat, zin_scriptorium
D:8:      overflow_temple_1_default, trog_ov_bears_minmay, basic_altar,
          uniq_prince_ribbit1
D:9:      kiku_gazebo_garden_becter, fedhas_altar_1, orc_0_dummy

Skill      XL: |  1  2  3  4  5  6  7  8 |
---------------+-------------------------+-----
Short Blades   | 1 2 3 4 5 |  5.2
Fighting       | 3 4 5 6 7 |  7.4
Invocations    | 1 3 |  3.8
Throwing       | 1 3 |  3.4
Bows           | |  1.0
Armour         | |  1.5
Stealth        | |  1.9
Transmutations | |  2.4

Action                   |  1- 3 |  4- 6 |  7- 9 || total
-------------------------+-------+-------+-------++-------
Melee: Dagger            |   140 |   379 |   505 ||  1024
       Rapier            |       |       |    19 ||    19
       Mace              |       |       |    13 ||    13
       Short sword       |       |       |    40 ||    40
 Fire: Blowgun           |       |    15 |    35 ||    50
Throw: Javelin           |       |    30 |     5 ||    35
       Tomahawk          |       |    12 |       ||    12
Invok: Minor Destruction |       |       |     7 ||     7
       Lesser Servant of |       |       |     6 ||     6
Evoke: Wand              |       |       |     5 ||     5
  Use: Scroll            |     2 |     6 |    10 ||    18
 Stab: Sleeping          |       |       |     1 ||     1
Armor: Ring mail         |    59 |   176 |    28 ||   263
       Leather armour    |       |       |   125 ||   125
Dodge: Dodged            |    89 |   259 |   297 ||   645
